 Dungeon Crawl Stone Soup version 0.20-a0-656-g9b0dcd9 (webtiles) character file.

77 Messajah the Shooter (level 4, -5/36 HPs)
             Began as a Centaur Hunter on Feb 16, 2017.
             Slain by Crazy Yiuf
             ... wielding a +2 quarterstaff of chaos
              (14 damage)
             ... on level 2 of the Dungeon.
             The game lasted 00:08:24 (2364 turns).

Messajah the Shooter (Centaur Hunter)               Turns: 2364, Time: 00:08:25

Health: -5/36      AC:  5    Str: 16    XL:     4   Next: 14%
Magic:  2/4        EV:  9    Int: 10    God:
Gold:   72         SH:  0    Dex:  9    Spells: 3/3 levels left

rFire    . . .     SeeInvis .   b - +2 short sword (speed)
rCold    . . .     Gourm    .   c - +0 leather armour
rNeg     . . .     Faith    .   (no shield)
rPois    .         Spirit   .   g - +1 hat
rElec    .         Reflect  .   (no cloak)
rCorr    .         Harm     .   (no gloves)
MR       .....                  (no barding)
Stlth    +.........             o - amulet of inaccuracy (curse)
Regen    0.2/turn               (no ring)
MPRegen  0.1/turn               (no ring)

@: very quick
A: hooves 3, deformed body, speed 2, tough skin 3
a: no special abilities


You were on level 2 of the Dungeon.
You were hungry.

You visited 1 branch of the dungeon, and saw 3 of its levels.

You collected 72 gold pieces.

Inventory:

Hand Weapons
 a - a +1 shortbow
 b - a +2 short sword of speed (weapon)
Missiles
 d - 23 arrows
 e - 36 stones (quivered)
 m - 16 sling bullets
Armour
 c - a +0 leather armour (worn)
 g - a +1 hat (worn)
Jewellery
 j - an uncursed amulet of faith
 o - a cursed amulet of inaccuracy (around neck)
Scrolls
 i - a scroll of remove curse {unknown}
 l - a scroll of recharging {unknown}
Potions
 h - 3 potions of curing
Comestibles
 f - 3 bread rations
 k - a meat ration
 n - 11 chunks of flesh
 p - a royal jelly
 q - 3 fruits


   Skills:
 - Level 2.0 Fighting
 + Level 7.5 Bows
 - Level 1.3 Dodging
 - Level 0.4 Stealth


You had 3 spell levels left.
You didn't know any spells.

Dungeon Overview and Level Annotations

Branches:
Dungeon (3/15)

Altars:

Annotations:
D:2 Crazy Yiuf
D:3 Messajah's ghost, amateur CeHu


Innate Abilities, Weirdness & Mutations

You have hooves in place of feet.
Armour fits poorly on your strangely shaped body.
You cover ground very quickly.
You have extremely tough skin. (AC +3)


Message History

* * * LOW HITPOINT WARNING * * *
You barely miss Crazy Yiuf. You kick Crazy Yiuf, but do no damage.
Crazy Yiuf is almost dead.
You closely miss Crazy Yiuf. You kick Crazy Yiuf.
Crazy Yiuf is almost dead.
Crazy Yiuf twirls on the spot.
Crazy Yiuf barely misses you.
You barely miss Crazy Yiuf. Your kick misses Crazy Yiuf.
Crazy Yiuf is almost dead.
Crazy Yiuf says, "Crazy?
Crazy!?
PORCUPINE!"
Crazy Yiuf barely misses you.
You closely miss Crazy Yiuf. Your kick misses Crazy Yiuf.
Crazy Yiuf is almost dead.
You barely miss Crazy Yiuf. Your kick misses Crazy Yiuf.
Crazy Yiuf is almost dead.
Crazy Yiuf hits you but does no damage.
You closely miss Crazy Yiuf. Your kick misses Crazy Yiuf.
Crazy Yiuf is almost dead.
Crazy Yiuf hits you with a quarterstaff of chaos!
You die...

..(....# #.###.......# #.#
#.###..####)###.......# ####.#
.......##....##.......# #....#
#.####.##.#.##############....#
#.# #.#.......# ##.........##
#.# #(#..#.##.# #.......#.##
..# #......##.####..####.#.#
#.######(.####.##.#..#..[...#
.##....>(.(...g@#.....##.###
##.###.......##.#..####.#
#.##.#####.########.......#
#......<##.# #.......#
..##.##.##.# ######### #
#.##.##.# #.......# #.##.###.#
## #.##.# .#


You could see Crazy Yiuf.

Vanquished Creatures
  2 adders (D:2)
  2 dart slugs (D:1)
  3 leopard geckos
  6 bats
  2 giant cockroaches
  5 hobgoblins
  6 jackals (D:1)
  2 quokkas (D:2)
  5 frilled lizards
  8 goblins
  4 kobolds
  5 rats
50 creatures vanquished.

Notes
Turn   | Place    | Note
-------+----------+-------------------------------------------
     0 | D:1      | Messajah the Centaur Hunter began the quest for the Orb.
     0 | D:1      | Reached XP level 1. HP: 17/17 MP: 1/1
   490 | D:1      | Reached XP level 2. HP: 24/24 MP: 2/2
   496 | D:1      | Reached skill level 6 in Bows
   517 | D:1      | HP: 1/24 [jackal (1)]
  1146 | D:1      | Reached XP level 3. HP: 29/29 MP: 3/3
  1779 | D:2      | Found a runed door.
  1783 | D:2      | Noticed Crazy Yiuf
  1823 | D:3      | Noticed Messajah's ghost (amateur CeHu)
  2125 | D:2      | Reached skill level 7 in Bows
  2281 | D:2      | Reached XP level 4. HP: 36/36 MP: 4/4
  2364 | D:2      | Slain by Crazy Yiuf

Vault maps used:
D:1:      sevenhm_arrival_forest_fort_small_4
D:2:      uniq_crazy_yiuf_cottage
D:3:      chequers_temple_overflow_statue_of_worship, first_bread

Skill      XL: |  1  2  3 |
---------------+----------+-----
Bows           | 6 7 |  7.5
Fighting       | |  2.0
Dodging        | |  1.3
Stealth        | |  0.4

Action                   |  1- 3 |  4- 6 || total
-------------------------+-------+-------++-------
Melee: Short sword       |   102 |    14 ||   116
       Kick              |    17 |     3 ||    20
 Fire: Shortbow          |    42 |    19 ||    61
  Use: Potion            |     1 |       ||     1
  Eat: Chunk             |     3 |       ||     3
Armor: Leather armour    |    58 |     5 ||    63
Dodge: Dodged            |    70 |     5 ||    75
